← All builds
Geo sea / Legion / Economy first / OBSERVED BUILD

Standard geo sea

Legion Geo sea build order · Supreme Isthmus

The role's baseline: bot lab reclaimed for metal, shipyard built in the cove, Syracusia and Geothermal Powerplant on normal timing, transitioning into Argonaut and other naval units to contest the sea for the rest of the game.

Usually shipyard in the cove (93%) · geo on time (60%)

#naval #eco · 59 distinct matches · 27 players · 72% of Legion Geo sea games · team won 52% of 60 · Recently observed

HOW TO PLAY IT

Key timing: Shipyard by 3:06

  1. Open with mex and solar, then put down Legion Bot Lab for reclaim.
  2. Build Legion Bot Lab early, planning to eat it for metal.
  3. Build shipyard and reclaim the bot lab into the sea economy.
  4. Eat the Legion Bot Lab at 3:12 to fund early sea units.
  5. Add Syracusia then geothermal, transition into Argonaut-led sea army.

Phase by phase

TYPICAL OF ITS 59 GAMES
  1. 1
  2. 2
  3. 3
  4. 4
PLAY THE OPENING

Follow the example game's first 6:00 step by step: what to build now, what comes next, and where it goes. At 1× it keeps pace with your own game.

  1. 1

    Up to the Legion Bot Lab

    Economy
    • Metal Extractor3Mex
    • Wind Turbine3Wind
    Order
    1. Legion Bot LabLegion Bot Lab after 3 mex, 3 winddone ~1:11, middle half 1:05–1:26

    Some games also: wind for allies (38%)

    By 0:55 in all: 3 mex · 3 wind

    The example game in this phase · 4 steps
    1. Mex ×3
    2. Wind ×3for Air
    3. Wind ×3
    4. Legion Bot LabLegion Bot Labdone 1:27 · typical 1:11
  2. 2

    Legion Bot Lab to Shipyard

    Economy
    • Metal Extractor1Mex
    Order
    1. ShipyardShipyard after 4 mex, 4 winddone ~3:16, middle half 2:41–3:37
    Builders
    • Zagreus3 Zagreus
    • Legion Construction Bot3 Legion Construction Bot

    Some games also: wind (50%) · con turret (48%) · Toxotai (40%) · wind for allies (37%) · Goblin (32%)

    By 2:43 in all: 4 mex · 4 wind

    The example game in this phase · 3 steps
    1. ZagreusZagreus ×2
    2. Legion Construction BotLegion Construction Bot
    3. ShipyardShipyarddone 2:40 · typical 3:16
  3. 3

    Shipyard to 5:00

    Economy
    • Metal Extractor4Mex
    • Wind Turbine2Wind
    Order
    1. Legion Bot LabEat Legion Bot Lab
    Builders
    • Construction Ship1 Con ship
    Army
    • Argonaut1 Argonaut
    • Syracusia1 Syracusia
    Other
    • Radar Tower1 Radar Tower

    Some games also: Pharos (48%) · submarine (40%) · converter (38%) · Hippocampus (37%) · Iapetus (30%)

    By 5:00 in all: 8 mex · 6 wind · 1 energy storage · 1 con turret

    The example game in this phase · 21 steps
    1. Legion Construction BotLegion Construction Bot
    2. Construction ShipCon ship
    3. Mex
    4. ZagreusZagreus
    5. HippocampusHippocampus
    6. Mex
    7. ArgonautArgonaut
    8. Legion Construction BotLegion Construction Bot
    9. Mex
    10. Legion Construction BotLegion Construction Bot
    11. Mex
    12. ArgonautArgonaut
    13. Naval Radar / Sonar TowerNaval Radar / Sonar Tower
    14. GoblinGoblin ×3
    15. ToxotaiToxotai ×2
    16. Mex
    17. SyracusiaSyracusiadone 6:07 · typical 5:30
    18. Mex ×2
    19. Legion Bot LabEat Legion Bot Labreclaimed for its metal
    20. Mex
    21. SthenoStheno
  4. 4

    5:00 to 10:00

    Economy
    • Metal Extractor2Mex
    • Wind Turbine12Wind
    • Energy Converter3Converter
    Order
    1. Geothermal PowerplantGeo after 9 mex, 8 wind, 1 solarin 53% of games
    Builders
    • Construction Turret1 Con turret
    • Dionysus1 Dionysus
    Army
    • Pharos2 Pharos
    • Legion Drone8 Legion Drone
    • Syracusia3 Syracusia
    • Argonaut3 Argonaut

    Some games also: con ship (47%) · Bramble (40%)

    By 10:00 in all: 10 mex · 18 wind · 1 geo · 5 converter · 1 energy storage · 2 con turret

    The example game in this phase · 122 steps
    1. Radar TowerRadar Tower ×2
    2. BrambleBramble ×2
    3. Naval Radar / Sonar TowerNaval Radar / Sonar Tower
    4. PharosPharos
    5. Solar
    6. Con turret ×2
    7. Legion DroneLegion Drone
    8. DionysusDionysus
    9. PharosPharos
    10. Legion DroneLegion Drone
    11. Geothermal PowerplantGeodone 7:41 · typical 7:40
    12. PharosPharos
    13. IapetusIapetus
    14. Naval Radar / Sonar TowerNaval Radar / Sonar Tower
    15. PharosPharos
    16. KeteaSubmarine
    17. Metal storage
    18. Con turret
    19. Converter
    20. Wind
    21. ArgonautArgonaut
    22. Converter
    23. Wind
    24. Converter
    25. Naval Radar / Sonar TowerNaval Radar / Sonar Tower
    26. Converter
    27. Wind
    28. ArgonautArgonaut
    29. Converter
    30. Legion DroneLegion Drone
    31. Converter
    32. Wind
    33. ArgonautArgonaut
    34. Energy storage
    35. Wind
    36. ArgonautArgonaut
    37. Wind
    38. Metal storage
    39. Wind
    40. SyracusiaSyracusia
    41. Con turret
    42. Legion Bot LabLegion Bot Labdone 8:59
    43. Wind
    44. Naval Radar / Sonar TowerNaval Radar / Sonar Tower
    45. Wind
    46. Con turret
    47. Wind
    48. Con turret
    49. Radar TowerRadar Tower
    50. Wind
    51. Legion Construction BotLegion Construction Bot
    52. PharosPharos
    53. Wind
    54. Legion DroneLegion Drone
    55. Construction ShipCon ship
    56. Legion Construction BotLegion Construction Bot
    57. Naval Radar / Sonar TowerNaval Radar / Sonar Tower
    58. PharosPharos
    59. Wind
    60. Advanced ShipyardAdvanced Shipyarddone 11:20
    61. Legion Construction BotLegion Construction Bot
    62. Wind
    63. Legion DroneLegion Drone
    64. PharosPharos
    65. Legion Construction BotLegion Construction Bot
    66. BrambleBramble
    67. Wind
    68. Advanced Metal ExtractorT2 mexdone 11:15 · typical 9:23
    69. Legion Construction BotLegion Construction Bot
    70. BrambleBramble
    71. Legion DroneLegion Drone
    72. Advanced Construction SubmarineAdvanced Construction Submarine
    73. Wind
    74. Advanced Metal ExtractorT2 mex
    75. Wind
    76. ArtifexArtifex
    77. Wind
    78. ArtifexArtifex
    79. Wind
    80. ArtifexArtifex
    81. Advanced Metal ExtractorT2 mex
    82. Wind
    83. ArtifexArtifex
    84. Naval Construction Turret
    85. Wind
    86. Advanced Underwater Metal ExtractorAdvanced Underwater Metal Extractordone 12:30
    87. Naval Construction Turret
    88. Mex
    89. Legion DroneLegion Drone
    90. ArtifexArtifex
    91. Naval Construction Turret
    92. Advanced Underwater Metal ExtractorAdvanced Underwater Metal Extractor
    93. Naval Construction Turret ×2
    94. ArtifexArtifex
    95. Mex
    96. Naval Construction Turret
    97. ArtifexArtifex
    98. Legion Bot LabEat Legion Bot Labreclaimed for its metal
    99. Naval Construction Turret
    100. ArtifexArtifex
    101. Naval Construction Turret
    102. ArtifexArtifex ×2
    103. Naval Construction Turret ×2
    104. HecateHecate
    105. Mex
    106. Advanced Geothermal PowerplantAdvanced Geothermal Powerplantnot finished by 15:00
    107. Naval Construction Turret
    108. Advanced Underwater Metal ExtractorAdvanced Underwater Metal Extractor
    109. Naval Construction Turret ×3
    110. Legion DroneLegion Drone ×3
    111. HecateHecate
    112. Legion DroneLegion Drone
    113. Naval Construction Turret ×4
    114. Legion DroneLegion Drone
    115. Naval Construction Turret
    116. Legion DroneLegion Drone ×3
    117. HecateHecate
    118. Legion DroneLegion Drone ×2
    119. Naval Construction Turret
    120. Legion DroneLegion Drone ×2
    121. Advanced Underwater Metal ExtractorAdvanced Underwater Metal Extractor
    122. Legion DroneLegion Drone

Counts are medians over the build's games: half of them build more, half fewer. The example game is Qwertylololo's (31 OS, 10/10/2026); pick another.

Team trades

IN AT LEAST 30% OF ITS GAMES

You hand over

  • Wind Turbine2 Wind to Airfirst at 1:47 · in 70% of games

You get

  • Finch1 Finch from Airfirst at 1:56 · in 58% of games
  • Hercules1 Light transport from Airfirst at 2:10 · in 42% of games
  • Advanced Construction Bot1 T2 con bot from Techfirst at 7:30 · in 75% of games

How it plays out

Typical game of this build, running totals by minute

Metal produced

010k20k30k
0:005:0010:0015:00

metal

Enemy metal destroyed

05k10k
0:005:0010:0015:00

metal

Own metal lost

02k4k6k
0:005:0010:0015:00

metal

60 games.

Show as table
ByMetal produced: This buildEnemy metal destroyed: This buildOwn metal lost: This build
1:0039500
2:0092800
3:00160500
4:002864040
5:00401214151
6:005384368122
7:006824650293
8:0084801489618
9:001020321361075
10:001218127191296
11:001471838851874
12:001776447562264
13:002035856932654
14:002344268464128
15:002734384014628
WHAT THE NUMBERS SAY

Standard sea opener with heavy early metal from eating the bot lab, but team still won well under half.

  • + Produces far more metal than enemy destroys by 5:00 (3995 vs 183).
  • − Team only won 41% of games despite the strong economy lead.
THE EXAMPLE YOU ARE READING

Qwertylololo

30.9 OS · 10/10/2026

Open source match ↗

4 received units · includes a constructor
246 metal received · 92158 energy received

Allied construction assistance is unknown. Timings are observations, not a promise of solo reproducibility.

Typical milestones

Legion Bot Lab1:11Middle 50%: 1:05–1:26 · n=59
Shipyard3:16Middle 50%: 2:41–3:37 · n=60
Syracusia5:30Middle 50%: 4:56–6:08 · n=60
Geothermal Powerplant7:40Middle 50%: 6:54–9:19 · n=39
Advanced Metal Extractor9:23Middle 50%: 8:38–9:53 · n=43

Played most by

KingBenjai9games of this buildsirniho9games of this buildRysica5games of this buildJesterB4games of this buildQwertylololo4games of this build